 Dungeon Crawl Stone Soup version 0.22.0 (webtiles) character file.

74897 xormask the Champion of Chaos (level 15, 0/126 HPs)
             Began as a Deep Dwarf Conjurer on Aug 12, 2018.
             Was the Champion of Makhleb.
             Slain by an orc warrior
             ... wielding a +1 glaive of chopping
              (24 damage)
             ... on level 2 of the Orcish Mines.
             The game lasted 01:30:04 (22415 turns).

xormask the Champion of Chaos (DDCj)               Turns: 22415, Time: 01:30:05

Health: 0/126      AC: 25    Str: 21    XL:     15   Next: 8%
Magic:  3/3        EV: 10    Int: 22    God:    Makhleb [******]
Gold:   1722       SH:  0    Dex: 18    Spells: 16/17 levels left

rFire    + + .     SeeInvis .   T - +1 battleaxe (drain)
rCold    . . .     Gourm    .   (shield currently unavailable)
rNeg     + . .     Faith    +   Y - +0 plate armour
rPois    +         Spirit   .   C - +1 hat {MR+}
rElec    .         Reflect  .   Q - +2 cloak {rPois}
rCorr    .         Harm     .   N - +0 pair of gloves
MR       +++..                  Z - +0 pair of boots {Stlth+}
Stlth    ..........             E - amulet of faith
HPRegen  0.00/turn              m - ring of protection from fire
MPRegen  0.08/turn              V - ring "Lileano" {Wiz Str+5 Int+4 Dex+3}

@: non-regenerating, drained
A: damage resistance, heal wounds, yellow scales 1, agile 1, deterioration 1,
fire resistance 1, frail 1, low mp 1, negative energy resistance 1, sense
surroundings 2, subdued magic 1, no regeneration
a: Heal Wounds, Minor Destruction, Lesser Servant of Makhleb, Major Destruction,
Greater Servant of Makhleb, Renounce Religion


You were on level 2 of the Orcish Mines.
You worshipped Makhleb.
Makhleb was exalted by your worship.
You were hungry.

You visited 3 branches of the dungeon, and saw 21 of its levels.
You also visited: Sewer and Volcano.

You collected 2180 gold pieces.
You spent 458 gold pieces at shops.

Inventory:

Hand Weapons
 a - a +0 broad axe
 w - a +2 battleaxe of venom
 T - a +1 battleaxe of draining (weapon)
Missiles
 t - 22 tomahawks (quivered)
Armour
 C - a +1 hat of magic resistance (worn)
 N - a +0 pair of gloves (worn)
 O - the +3 warlock's mirror {reflect}
   (You found it on level 10 of the Dungeon)
 Q - a +2 cloak of poison resistance (worn)
 Y - a +0 plate armour (worn)
 Z - a +0 pair of boots of stealth (worn)
Jewellery
 b - an uncursed ring of protection from magic
 f - an uncursed ring of protection from magic
 k - an uncursed ring of resist corrosion
 m - a ring of protection from fire (left hand)
 E - an amulet of faith (around neck)
 H - the ring "Raliyh" {+Blink rF++ rC- MP+9 Int+8}
   (You found it on level 9 of the Dungeon)

   [ring of magical power]

   It affects your intelligence (+8).
   It greatly protects you from fire.
   It makes you vulnerable to cold.
   It affects your magic capacity (+9).
   It lets you blink.
 K - an uncursed ring of protection from cold
 R - an uncursed amulet of rage
 V - the ring "Lileano" (right hand) {Wiz Str+5 Int+4 Dex+3}
   (You found it on level 6 of the Lair of Beasts)

   [ring of wizardry]

   It improves your spell success rate.
   It affects your strength (+5).
   It affects your intelligence (+4).
   It affects your dexterity (+3).
Wands
 B - a wand of enslavement (9)
 D - a wand of digging (11)
 I - a wand of disintegration (63)
 J - a wand of iceblast (11)
 W - a wand of acid (5)
 X - a wand of paralysis (11)
Scrolls
 d - 2 scrolls of blinking
 e - 5 scrolls of teleportation
 i - 8 scrolls of enchant weapon
 o - 3 scrolls of fog
 r - 12 scrolls of remove curse
 u - 2 scrolls of magic mapping
 v - 2 scrolls of immolation
 y - 4 scrolls of amnesia
 M - a scroll of fear
 S - a scroll of holy word
 U - a scroll of vulnerability {unknown}
Potions
 h - 2 potions of might
 j - 2 potions of invisibility
 l - 7 potions of curing
 n - 7 potions of brilliance
 p - a potion of magic {unknown}
 q - 5 potions of heal wounds
 s - 6 potions of haste
 x - a potion of resistance
 A - 3 potions of flight {unknown}
 F - 3 potions of degeneration {unknown}
 G - 5 potions of cancellation
 L - 5 potions of agility
 P - a potion of berserk rage {unknown}
Comestibles
 c - 27 rations
 z - 7 chunks of flesh


   Skills:
 - Level 10.7 Fighting
 * Level 15.1(15.0) Axes
 * Level 12.5 Armour
 - Level 5.0(4.9) Dodging
 - Level 2.4 Stealth
 - Level 4.3 Shields
 - Level 1.7 Spellcasting
 - Level 5.0 Conjurations
 * Level 17.3(17.2) Invocations
 - Level 5.0(4.9) Evocations


You had 16 spell levels left.
You knew the following spells:

 Your Spells              Type           Power        Failure   Level  Hunger
a - Magic Dart            Conj           ###.         8%          1    #......

Your spell library contained the following spells:

 Spells                   Type           Power        Failure   Level  Hunger
 Cause Fear               Hex            #.........   99%         4    #####..
 Fireball                 Conj/Fire      #.........   99%         5    ######.
 Apportation              Tloc           #.....       52%         1    #......
 Conjure Flame            Conj/Fire      #.......     52%         3    ###....
 Lightning Bolt           Conj/Air       #.........   99%         5    ######.
 Slow                     Hex            #.......     65%         2    ###....
 Invisibility             Hex            #.......     100%        6    #######
 Throw Flame              Conj/Fire      #.....       32%         2    ###....
 Freezing Cloud           Conj/Ice/Air   #.........   100%        6    #######
 Mephitic Cloud           Conj/Pois/Air  #.......     65%         3    ###....
 Ring of Flames           Chrm/Fire      #.........   100%        7    #######
 Blink                    Tloc           N/A          65%         2    ###....
 Iskenderun's Mystic Bla  Conj           ###.....     58%         4    #####..
 Sticky Flame             Conj/Fire      #.......     89%         4    #####..
 Call Imp                 Summ           #.......     65%         2    ###....
 Tukima's Dance           Hex            #.......     86%         3    ###....
 Stone Arrow              Conj/Erth      #.....       52%         3    ###....
 Flame Tongue             Conj/Fire      #....        22%         1    #......
 Passwall                 Tmut/Erth      #.......     65%         2    ###....
 Summon Butterflies       Summ           #.......     52%         1    #......
 Shatter                  Erth           #.........   100%        9    #######
 Static Discharge         Conj/Air       #.......     52%         3    ###....
 Corona                   Hex            #......      52%         1    #......
 Alistair's Intoxication  Tmut/Pois      #.......     100%        5    ######.
 Lee's Rapid Deconstruct  Erth           #.........   100%        5    ######.
 Sandblast                Erth           #.....       52%         1    #......
 Portal Projectile        Hex/Tloc       #.....       86%         3    ###....
 Petrify                  Tmut/Erth      #.......     99%         4    #####..
 Tornado                  Air            #.........   100%        9    #######
 Leda's Liquefaction      Hex/Erth       #.........   99%         4    #####..
 Inner Flame              Hex/Fire       #.......     86%         3    ###....
 Fulminant Prism          Conj/Hex       #.........   89%         4    #####..
 Dazzling Spray           Conj/Hex       #.....       52%         3    ###....
 Force Lance              Conj/Tloc      #.......     89%         4    #####..
 Searing Ray              Conj           ###...       12%         2    ###....
 Lesser Beckoning         Tloc           #.........   86%         3    ###....
 Poisonous Vapours        Pois/Air       #.....       65%         2    ###....
 Ignition                 Fire           #.........   100%        8    #######


Dungeon Overview and Level Annotations

Branches:
Dungeon (13/15)            Temple (0/1) D:4            Lair (6/6) D:10
  Swamp (0/4) Lair:3        Snake (0/4) Lair:4        Slime (0/5) Lair:6
    Orc (2/2) D:12            Elf (0/3) Orc:2
 Vaults: D:13-14

Altars:
Fedhas
Okawaru
Qazlal
Vehumet
Wu Jian
The Shining One
Beogh
Jiyva

Shops:
D:5 *   D:6 %   D:11 *!(}   Orc:2 =


Innate Abilities, Weirdness & Mutations

You are resistant to damage.
You can heal yourself by infusing magical energy.
You resist negative energy. (rN+)
You passively map the area around you.
You do not regenerate.
You are partially covered in yellow scales. (AC +2)
You are agile. (Dex +2)
Your body sometimes deteriorates upon taking damage.
Your flesh is heat resistant. (rF+)
You are frail. (-10% HP)
Your magical capacity is low. (-10% MP)
Your spells are a little easier to cast, but a little less powerful.


Message History

Press: ? - help, Shift-Dir - straight line, f - orc warrior
Aim: an orc warrior, wielding a glaive of chopping and wearing a chain mail (unusually strong)
The bolt of fire hits the orc knight.
The orc knight is heavily wounded.
The bolt of fire hits the orc warrior.
The orc warrior is almost dead.
The orc knight hits you but does no damage.
The orc warrior hits you from afar with a glaive of chopping!
* * * LOW HITPOINT WARNING * * *
Press: ? - help, Shift-Dir - straight line, f/p - orc warrior
Aim: an orc warrior, wielding a glaive of chopping and wearing a chain mail (almost dead, unusually strong)
The fireball explodes!
The fireball engulfs the orc knight.
The orc knight is heavily wounded.
The fireball engulfs you! You resist.
* * * LOW HITPOINT WARNING * * *
You hear a shout! x2
The orc knight hits you with a long sword of protection!
* * * LOW HITPOINT WARNING * * *
The orc warrior hits you from afar with a glaive of chopping!!
You die...

* #.......## #.##
##......##
#......##
##.#####
######.######
#...........###
...####.####...##
*#.######..## , *
#.#...###@.# , ,
#.#.....##o# ,,
#.#..o...#o# ,
,... *#o.oo# ..
,, ##o.## *, ,
#..# ,,,, ,,....#
,,**, ,, .##..# ,
,** # ..##


You could see an orc knight, an orc warrior and an orc priest.

Vanquished Creatures
  Rupert (Lair:3)
  Gastronok (D:12)
  The ghost of Beikk the Apostle, a journeyman HOFi of Beogh (Lair:6)
  A stone giant (Orc:2)
  The ghost of WiseOSalty the Protected, a journeyman GrFi of Okawaru (Lair:2)
  Josephine (Lair:4)
  3 hydras
  3 catoblepae (Lair:6)
  5 two-headed ogres
  A centaur warrior (D:13)
  3 tengu warriors (D:13)
  6 death yaks (Lair:6)
  Urug (Lair:5)
  Sonja (Lair:3)
  A deep troll (D:13)
  Pikel (D:4)
  2 lindwurms
  5 ugly things
  2 orc knights
  5 orc sorcerers
  A harpy (shapeshifter) (D:13)
  5 manticores
  4 cyclopes
  A deep elf mage (D:13)
  Joseph (D:8)
  Psyche (D:8)
  4 black mambas
  A centaur skeleton (D:13)
  6 spiny frogs
  A torpor snail (Lair:2)
  A gargoyle (D:12)
  2 rime drakes
  3 komodo dragons
  A yaktaur (D:13)
  A merfolk (D:9)
  A meliai (shapeshifter) (D:12)
  9 trolls
  A polar bear (Lair:2)
  4 tyrant leeches (Lair:4)
  Grinder (Sewer)
  5 slime creatures (Lair:6)
  7 hippogriffs
  6 dream sheep (Lair:5)
  12 blink frogs
  2 wyverns
  A shadow (D:11)
  6 wraiths
  47 yaks
  A basilisk (Lair:3)
  6 fire bats (Volcano)
  A hungry ghost (D:10)
  4 wargs
  A hell hound (Volcano)
  5 swamp worms (Lair:4)
  An acid dragon (D:13)
  6 porcupines
  9 water moccasins
  An eye of draining (D:9)
  6 sky beasts
  A slave (D:3)
  19 orc warriors
  2 black bears
  2 ice beasts (D:13)
  A hornet zombie (D:13)
  3 wolves (Lair:2)
  10 ogres
  A necrophage (D:7)
  2 phantoms
  7 centaurs
  9 crocodiles
  3 big kobolds
  17 bullfrogs
  A gnoll sergeant (D:8)
  A wyvern zombie (D:12)
  A scorpion (D:9)
  8 killer bees
  15 wights
  3 electric eels (D:7)
  8 crimson imps
  A bullfrog zombie (D:6)
  8 jellies
  4 lava snakes (Volcano)
  A quasit (Sewer)
  5 bullfrog skeletons
  18 orc wizards
  13 orc priests
  8 hounds
  Crazy Yiuf (D:5)
  4 iguanas
  12 worker ants
  A big kobold zombie (Sewer)
  2 hound zombies
  2 hound skeletons
  A howler monkey zombie (D:6)
  10 gnolls
  17 adders
  A howler monkey skeleton (D:11)
  8 shadow imps
  An ufetubus (Sewer)
  3 oozes
  An adder zombie (D:5)
  3 worms
  2 dart slugs (D:1)
  7 leopard geckos
  55 orcs
  2 ball pythons (D:4)
  6 giant cockroaches
  7 goblins
  8 hobgoblins
  6 jackals
  27 kobolds
  5 quokkas
  8 bats
  9 frilled lizards
  A kobold zombie (Sewer)
  A leopard gecko zombie (D:7)
  6 rats
  2 fungi (Lair:6)
  A plant (Lair:6)
613 creatures vanquished.

Vanquished Creatures (collateral kills)
  A stone giant (Orc:2)
  A fire dragon (Volcano)
  A death ooze (Lair:6)
  A hydra (D:11)
  An obsidian statue (Volcano)
  A wolf spider zombie (D:13)
  4 black mambas
  A torpor snail (Lair:4)
  Maurice (D:8)
  A spiny frog (Lair:5)
  2 tyrant leeches (Lair:4)
  2 polar bears
  2 blink frogs (Lair:3)
  3 hippogriffs
  6 yaks
  A basilisk (Lair:3)
  4 fire bats (Volcano)
  A wraith (Lair:4)
  A water moccasin (Lair:6)
  3 wolves (Lair:2)
  5 crocodiles
  A big kobold (D:11)
  A bullfrog (Lair:1)
  A scorpion (D:11)
  A wight (D:11)
  A lava snake (Volcano)
  A jelly (Lair:6)
  An orc priest (D:11)
  A hound (D:11)
  A shadow imp (D:11)
52 creatures vanquished.

Vanquished Creatures (others)
  An orc wizard (Orc:2)
  A big kobold zombie (Sewer)
  An ooze (Sewer)
  An orc (D:11)
  A quokka (D:4)
  A kobold zombie (Sewer)
  8 fungi
  12 plants
26 creatures vanquished.

Grand Total: 691 creatures vanquished

Notes
Turn   | Place    | Note
-------+----------+-------------------------------------------
     0 | D:1      | xormask the Deep Dwarf Conjurer began the quest for the Orb.
     0 | D:1      | Reached XP level 1. HP: 15/15 MP: 3/3
   199 | D:1      | Reached XP level 2. HP: 15/24 MP: 2/4
   533 | D:1      | Reached skill level 1 in Fighting
   920 | D:1      | Reached XP level 3. HP: 11/31 MP: 0/5
  1400 | D:2      | Reached XP level 4. HP: 27/39 MP: 0/6
  1636 | D:3      | Reached skill level 5 in Conjurations
  1838 | D:3      | Reached XP level 5. HP: 23/46 MP: 0/7
  2857 | D:4      | Noticed a slave
  2972 | D:3      | Killed a slave
  3051 | D:4      | Found a glowing drain.
  3059 | Sewer    | Entered a sewer
  3115 | Sewer    | Reached XP level 6. HP: 57/57 MP: 3/7
  3342 | Sewer    | Found a burning altar of Makhleb.
  3417 | Sewer    | Became a worshipper of Makhleb the Destroyer
  3476 | Sewer    | Reached skill level 5 in Fighting
  3630 | Sewer    | Noticed Grinder
  3665 | Sewer    | Reached XP level 7. HP: 32/67 MP: 8/8
  3672 | Sewer    | Killed Grinder
  4034 | D:4      | Noticed Pikel
  4096 | D:4      | Killed Pikel
  4096 | D:4      | Reached XP level 8. HP: 34/82 MP: 0/7
  4349 | D:4      | Found a staircase to the Ecumenical Temple.
  4513 | D:5      | Entered Level 5 of the Dungeon
  4970 | D:5      | Found Axtiogg's Assorted Antiques.
  4974 | D:5      | Bought a war axe for 80 gold pieces
  4974 | D:5      | Bought a scroll of teleportation for 69 gold pieces
  4974 | D:5      | Bought a scroll labeled MOYPLA UCLA for 23 gold pieces
  4974 | D:5      | Bought a scroll labeled MOYPLA UCLA for 23 gold pieces
  4974 | D:5      | Bought a scroll labeled FOAXEPAJIE for 23 gold pieces
  5192 | D:5      | Found a runed door.
  5341 | D:5      | Noticed Crazy Yiuf
  5346 | D:5      | Killed Crazy Yiuf
  5408 | D:6      | Found Nashren's Food Emporium.
  5483 | D:6      | Reached * piety under Makhleb
  5483 | D:6      | Reached skill level 1 in Axes
  5568 | D:6      | Reached skill level 1 in Armour
  6000 | D:6      | Gained mutation: You passively map the area around you. [Deep Dwarf growth]
  6000 | D:6      | Reached XP level 9. HP: 48/91 MP: 6/6
  6388 | D:7      | Reached skill level 5 in Axes
  6432 | D:7      | Found a stormy altar of Qazlal.
  6570 | D:7      | Found an iron altar of Okawaru.
  6673 | D:7      | Noticed a two-headed ogre
  6750 | D:7      | Reached ** piety under Makhleb
  6899 | D:7      | Reached skill level 1 in Invocations
  7073 | D:8      | Reached skill level 2 in Invocations
  7151 | D:8      | Reached skill level 3 in Invocations
  7179 | D:8      | Noticed Joseph
  7213 | D:8      | Killed Joseph
  7213 | D:8      | Reached skill level 4 in Invocations
  7230 | D:8      | Reached skill level 5 in Invocations
  7317 | D:8      | Found a glowing golden altar of the Shining One.
  7317 | D:8      | Found a radiant altar of Vehumet.
  7441 | D:8      | Found an ornate altar of the Wu Jian Council.
  7441 | D:8      | Found a blossoming altar of Fedhas.
  8008 | D:8      | Noticed Maurice
  8114 | D:9      | Reached XP level 10. HP: 42/99 MP: 0/6
  8156 | D:9      | Reached skill level 6 in Invocations
  8237 | D:9      | Got a scorched glass ring
  8526 | D:9      | Identified the ring "Raliyh" {+Blink rF++ rC- MP+9 Int+8} (You found it on level 9 of the Dungeon)
  8547 | D:9      | Reached *** piety under Makhleb
  8597 | D:9      | Reached skill level 7 in Invocations
  9067 | D:10     | Entered Level 10 of the Dungeon
  9112 | D:10     | Reached skill level 8 in Invocations
  9136 | D:10     | Reached skill level 10 in Axes
  9266 | D:10     | Found the +3 warlock's mirror {reflect}
  9603 | D:10     | Reached skill level 1 in Shields
  9671 | D:10     | Noticed a two-headed ogre
  9684 | D:10     | Killed a two-headed ogre
  9684 | D:10     | Reached skill level 9 in Invocations
 10035 | D:7      | Killed a two-headed ogre
 10084 | D:7      | Reached XP level 11. HP: 58/108 MP: 8/8
 10270 | D:8      | Noticed Psyche
 10305 | D:8      | Killed Psyche
 10557 | D:8      | Found a blossoming altar of Fedhas.
 10558 | D:8      | Found an ornate altar of the Wu Jian Council.
 10734 | D:8      | Found a radiant altar of Vehumet.
 10735 | D:8      | Found a glowing golden altar of the Shining One.
 10968 | D:8      | Killed Maurice
 11131 | D:10     | Found a staircase to the Lair.
 11245 | D:10     | Noticed a two-headed ogre
 11260 | D:10     | Killed a two-headed ogre
 11260 | D:10     | Reached skill level 10 in Invocations
 11322 | D:10     | Reached skill level 10 in Fighting
 11450 | D:11     | Noticed a four-headed hydra
 11468 | D:11     | Killed a four-headed hydra
 11489 | D:11     | Reached **** piety under Makhleb
 11635 | D:11     | Found Moesamibu's Distillery.
 11635 | D:11     | Found Riuputaf's General Store.
 11698 | D:11     | Reached skill level 11 in Invocations
 11720 | D:11     | Bought a potion of heal wounds for 80 gold pieces
 11720 | D:11     | Bought a potion of haste for 160 gold pieces
 11771 | D:11     | Found Qockomat's Antique Weapon Emporium.
 12082 | D:11     | Found Fequmo Waixo's Gadget Emporium.
 12384 | D:12     | Found a staircase to the Orcish Mines.
 12418 | D:12     | Reached ***** piety under Makhleb
 12562 | Lair:1   | Entered Level 1 of the Lair of Beasts
 12685 | Lair:1   | Reached skill level 12 in Invocations
 12717 | Lair:1   | Got an amber-encrusted ring mail
 12728 | Lair:1   | Identified the +1 ring mail "Saeghyit" {+Blink Dex-4 SInv Stlth+} (You found it on level 1 of the Lair of Beasts)
 12866 | Lair:1   | Reached skill level 5 in Armour
 13269 | Lair:2   | Reached XP level 12. HP: 113/118 MP: 3/3
 13321 | Lair:2   | Found a dark tunnel.
 13394 | Lair:2   | Gained mutation: Your magical capacity is low. (-10% MP) [potion of mutation]
 13394 | Lair:2   | Gained mutation: You tend to lose your temper in combat. [potion of mutation]
 13394 | Lair:2   | Gained mutation: You are somewhat resistant to further mutation. [potion of mutation]
 13395 | Lair:2   | Lost mutation: You are somewhat resistant to further mutation. [potion of mutation]
 13395 | Lair:2   | Lost mutation: You tend to lose your temper in combat. [potion of mutation]
 13395 | Lair:2   | Lost mutation: Your magical capacity is low. (-10% MP) [potion of mutation]
 13395 | Lair:2   | Gained mutation: You tend to lose your temper in combat. [potion of mutation]
 13395 | Lair:2   | Gained mutation: You are robust. (+10% HP) [potion of mutation]
 13395 | Lair:2   | Gained mutation: Your muscles are strong. (Str +2) [potion of mutation]
 13395 | Lair:2   | Gained mutation: Your muscles are very strong. (Str +4) [potion of mutation]
 13396 | Lair:2   | Lost mutation: You are robust. (+10% HP) [potion of mutation]
 13396 | Lair:2   | Lost mutation: You tend to lose your temper in combat. [potion of mutation]
 13396 | Lair:2   | Lost mutation: Your muscles are very strong. (Str +4) [potion of mutation]
 13396 | Lair:2   | Gained mutation: You possess an exceptional clarity of mind. [potion of mutation]
 13396 | Lair:2   | Gained mutation: You are partially covered in yellow scales. (AC +2) [potion of mutation]
 13396 | Lair:2   | Gained mutation: You have sharp fingernails. [potion of mutation]
 13396 | Lair:2   | Gained mutation: Your flesh is heat resistant. (rF+) [potion of mutation]
 13412 | Volcano  | Entered a volcano
 13629 | Volcano  | Noticed a fire dragon
 13639 | Volcano  | Found a burning altar of Makhleb.
 13655 | Volcano  | Killed a fire dragon
 13759 | Lair:2   | Reached skill level 13 in Invocations
 14023 | Lair:2   | Noticed WiseOSalty's ghost (journeyman GrFi)
 14031 | Lair:2   | Found a runed gate.
 14031 | Lair:2   | Found a runed gate.
 14031 | Lair:2   | Found a runed gate.
 14410 | Lair:2   | Killed WiseOSalty's ghost
 14641 | Lair:3   | Found a staircase to the Swamp.
 14764 | Lair:3   | Noticed Rupert
 14764 | Lair:3   | Paralysed by Rupert for 7 turns
 14793 | Lair:3   | Killed Rupert
 14793 | Lair:3   | Reached skill level 14 in Invocations
 14925 | Lair:3   | Noticed Sonja
 14938 | Lair:3   | Killed Sonja
 15148 | Lair:3   | Reached XP level 13. HP: 123/124 MP: 5/5
 15676 | Lair:4   | Found a staircase to the Snake Pit.
 15785 | Lair:4   | Reached skill level 1 in Evocations
 15896 | Lair:4   | Noticed Josephine
 15909 | Lair:4   | Killed Josephine
 15932 | Lair:4   | Got a pitted chain mail
 15943 | Lair:4   | Identified the +0 chain mail of the Falcon {+Blink Int+5} (You found it on level 4 of the Lair of Beasts)
 17076 | Lair:5   | Noticed Urug
 17095 | Lair:5   | Killed Urug
 17206 | Lair:5   | Reached skill level 15 in Invocations
 17491 | Lair:6   | Entered Level 6 of the Lair of Beasts
 17691 | Lair:6   | Reached skill level 10 in Armour
 17710 | Lair:6   | Found a runed door.
 17711 | Lair:6   | Found a viscous altar of Jiyva.
 17713 | Lair:6   | Found a staircase to the Slime Pits.
 17860 | Lair:6   | Found a runed gate.
 17861 | Lair:6   | Noticed a death ooze
 17862 | Lair:6   | Found a runed gate.
 17862 | Lair:6   | Found a runed gate.
 17862 | Lair:6   | Found a viscous altar of Jiyva.
 17862 | Lair:6   | Noticed Beikk's ghost (journeyman HOFi)
 18280 | Lair:6   | Gained mutation: You resist negative energy. (rN+) [Deep Dwarf growth]
 18280 | Lair:6   | Reached XP level 14. HP: 93/133 MP: 6/6
 18438 | Lair:6   | Reached skill level 5 in Evocations
 18860 | Lair:6   | Killed Beikk's ghost
 18971 | Lair:6   | Reached skill level 5 in Dodging
 19014 | Lair:6   | Got a glittering brass ring
 19022 | Lair:6   | Identified the ring "Lileano" {Wiz Str+5 Int+4 Dex+3} (You found it on level 6 of the Lair of Beasts)
 19364 | D:12     | Noticed Gastronok
 19383 | D:12     | Killed Gastronok
 19383 | D:12     | Reached skill level 16 in Invocations
 20477 | D:13     | Gained mutation: You are frail. (-10% HP) [a neqoxec]
 21200 | Orc:1    | Entered Level 1 of the Orcish Mines
 21293 | Orc:1    | Reached skill level 17 in Invocations
 21764 | Orc:2    | Entered Level 2 of the Orcish Mines
 21775 | Orc:2    | Reached ****** piety under Makhleb
 21853 | Orc:2    | Noticed a stone giant
 21891 | Orc:2    | Killed a stone giant
 22101 | Orc:2    | Reached XP level 15. HP: 78/126 MP: 6/6
 22113 | Orc:2    | Reached skill level 15 in Axes
 22231 | Orc:2    | Found a staircase to the Elven Halls.
 22233 | Orc:2    | Gained mutation: Your magical capacity is low. (-10% MP) [a neqoxec]
 22243 | Orc:2    | Lost mutation: You possess an exceptional clarity of mind. [potion of mutation]
 22243 | Orc:2    | Lost mutation: You have sharp fingernails. [potion of mutation]
 22243 | Orc:2    | Lost mutation: Your muscles are strong. (Str +2) [potion of mutation]
 22243 | Orc:2    | Gained mutation: Your spells are a little easier to cast, but a little less powerful. [potion of mutation]
 22243 | Orc:2    | Gained mutation: Your body sometimes deteriorates upon taking damage. [potion of mutation]
 22243 | Orc:2    | Gained mutation: You are agile. (Dex +2) [potion of mutation]
 22308 | Orc:2    | Found a roughly hewn altar of Beogh.
 22384 | Orc:2    | Found Ustoe's Jewellery Shop.
 22415 | Orc:2    | Slain by an orc warrior

Skill      XL: |  1  2  3  4  5  6  7  8  9 10 11 12 13 14 15 |
---------------+----------------------------------------------+-----
Conjurations   | 4 5 |  5.0
Fighting       | 1 2 4 5 8 9 10 | 10.7
Axes           | 3 8 10 12 13 14 15 | 15.1
Armour         | 2 5 8 10 12 | 12.5
Invocations    | 5 9 12 14 15 17 | 17.3
Shields        | 3 4 |  4.3
Evocations     | 4 5 |  5.0
Dodging        | 4 5 |  5.0
Stealth        | |  2.4
Spellcasting   | |  1.7

Action                   |  1- 3 |  4- 6 |  7- 9 | 10-12 | 13-15 || total
-------------------------+-------+-------+-------+-------+-------++-------
Melee: Dagger            |    64 |   192 |       |       |       ||   256
       Unarmed           |     1 |       |       |       |       ||     1
       Short sword       |       |   108 |    61 |       |       ||   169
       War axe           |       |       |   400 |   624 |       ||  1024
       Whip              |       |       |    52 |       |       ||    52
       Battleaxe         |       |       |       |   303 |  1056 ||  1359
Throw: Tomahawk          |       |       |    10 |    13 |    18 ||    41
 Cast: Magic Dart        |    74 |   125 |    61 |       |       ||   260
Invok: Minor Destruction |       |       |     1 |    84 |    89 ||   174
       Lesser Servant of |       |       |       |    20 |    18 ||    38
       Major Destruction |       |       |       |     4 |     4 ||     8
       Greater Servant o |       |       |       |       |     1 ||     1
 Abil: Heal Wounds       |     1 |    12 |    33 |    43 |    14 ||   103
Evoke: Wand              |       |       |       |       |     4 ||     4
  Use: Scroll            |       |     3 |     6 |    12 |     8 ||    29
       Potion            |       |     1 |       |     4 |     1 ||     6
 Stab: Sleeping          |       |     1 |     1 |       |       ||     2
       Distracted        |       |       |       |     5 |     5 ||    10
       Petrified         |       |       |       |       |     2 ||     2
  Eat: Chunk             |     3 |     7 |    16 |    28 |    15 ||    69
       Ration            |       |     1 |       |       |     3 ||     4
Armor: Robe              |     3 |       |       |       |       ||     3
       Leather armour    |    14 |   120 |   172 |    69 |       ||   375
       Chain mail        |       |       |       |   465 |     2 ||   467
       Plate armour      |       |       |       |       |   792 ||   792
Dodge: Dodged            |    69 |   286 |   357 |   441 |   447 ||  1600
Block: Buckler           |       |       |       |   155 |       ||   155
       Reflection        |       |       |       |    15 |       ||    15
